 Dungeon Crawl Stone Soup version 0.29-a0-330-g52719c12eb (webtiles) character file.

Game seed: 17437596271048718258

50 kae the Firebug (level 3, 0/26 HPs)
             Began as a Demigod Fire Elementalist on May 19, 2022.
             Slain by an orc priest
             ... wielding a +0 mace
              (4 damage)
             ... on level 3 of the Dungeon.
             The game lasted 00:00:59 (2042 turns).

kae the Firebug (Demigod Fire Elementalist)         Turns: 2042, Time: 00:00:59

Health: 0/26       AC:  2    Str:  9    XL:     3   Next: 35%
Magic:  1/8        EV: 12    Int: 27    God:
Gold:   37         SH:  0    Dex: 14    Spells: 3/6 levels left

rFire   . . .      SeeInvis .   f - +2 whip (elec)
rCold   . . .      Faith    .   (no shield)
rNeg    . . .      Spirit   .   a - +0 robe
rPois   .          Reflect  .   (no helmet)
rElec   .          Harm     .   (no cloak)
rCorr   .          Rampage  .   (no gloves)
Will    .....                   (no boots)
Stlth   ++........              (no amulet)
HPRegen 0.08/turn               d - +6 ring of intelligence
MPRegen 0.11/turn               (no ring)

@: no status effects
A: high MP 1, forlorn, divine attributes
a: no special abilities


You were on level 3 of the Dungeon.
You visited 1 branch of the dungeon, and saw 3 of its levels.

You collected 37 gold pieces.

Inventory:

Hand Weapons
 f - a +2 whip of electrocution (weapon)
Missiles
 g - 2 throwing nets
Armour
 a - a +0 robe (worn)
Jewellery
 d - a +6 ring of intelligence (left hand)
Scrolls
 c - a scroll of identify
 e - 2 scrolls of teleportation
 l - a scroll of fog {unknown}
Potions
 b - a potion of magic
 h - 2 potions of curing
 i - a potion of heal wounds
 j - a potion of lignification
 k - a potion of resistance {unknown}


   Skills:
 - Level 1.7 Dodging
 - Level 1.7 Stealth
 + Level 2.2 Spellcasting
 * Level 2.0 Conjurations
 * Level 3.3 Fire Magic


You had 3 spell levels left.
You knew the following spells:

 Your Spells              Type           Power      Damage    Failure   Level
a - Foxfire               Conj/Fire      68%        2x1d7     3%          1
b - Scorch                Fire           42%        2d7       3%          2

Your spell library contained the following spells:

 Spells                   Type           Power      Damage    Failure   Level
 Conjure Flame            Conj/Fire      17%        6-21      10%         3
 Inner Flame              Hex/Fire       12%        N/A       14%         3
 Flame Wave               Conj/Fire      17%        2d6       30%         4
 Hailstorm                Conj/Ice       8%         3d4       54%         4
 Ice Form                 Ice/Tmut       2%         N/A       67%         4
 Simulacrum               Ice/Necr       1%         N/A       100%        6


Dungeon Overview and Level Annotations

Branches:
Dungeon (3/15)


Innate Abilities, Weirdness & Mutations

You have an increased reservoir of magic. (+10% MP)
You shall have no god before yourself.
Your divine heritage dramatically boosts your attributes as you level up.


Message History

The foxfire hits the orc priest.
The orc priest resists.
The orc priest is lightly wounded.
The foxfire hits the orc priest.
The orc priest resists.
The orc priest is moderately wounded.
Casting: Foxfire (safe; 3% risk of failure)
Confirm with . or Enter, or press ? or * to list all spells.
You conjure some foxfire!
The foxfire hits the orc priest.
The orc priest resists.
The orc priest is heavily wounded.
The foxfire hits the orc priest.
The orc priest completely resists.
The orc priest is heavily wounded.
Casting: Foxfire (safe; 3% risk of failure)
Confirm with . or Enter, or press ? or * to list all spells.
You conjure some foxfire!
The orc priest casts a cantrip, but nothing happens.
The foxfire hits the orc priest.
The orc priest resists.
The orc priest is heavily wounded.
The foxfire hits the orc priest.
The orc priest resists.
The orc priest is heavily wounded.
The orc priest looks satisfied for a moment.
Casting: Foxfire (safe; 3% risk of failure)
Confirm with . or Enter, or press ? or * to list all spells.
You conjure some foxfire!
The foxfire hits the orc priest but does no damage.
The orc priest is heavily wounded.
The foxfire hits the orc priest.
The orc priest completely resists.
The orc priest is heavily wounded.
Casting: Foxfire (safe; 3% risk of failure)
Confirm with . or Enter, or press ? or * to list all spells.
You conjure some foxfire!
The orc priest mumbles some strange prayers to Beogh against you.
Beogh smites you!
* * * LOW HITPOINT WARNING * * *
The foxfire hits the orc priest but does no damage.
The orc priest is heavily wounded.
The orc priest barely misses you.
Casting: Foxfire (safe; 3% risk of failure)
Confirm with . or Enter, or press ? or * to list all spells.
You conjure some foxfire!
The orc priest hits you with a +0 mace.
You die...

... #.# #.# ...
#.# +# #.# #.# ###
#o# #.#
##.######o# ##.##
#.#.....v@#
#...#####.########
.......##.#
.......##.#
.......##.#
..........#
##.....####
########


You could see an orc priest (ally target) and an orc.

Vanquished Creatures
  An adder (D:2)
  2 worms (D:2)
  A dart slug (D:1)
  3 ball pythons
  2 bats
  4 endoplasms
  A giant cockroach (D:1)
  A goblin (D:1)
  3 hobgoblins
  2 jackals (D:2)
  2 frilled lizards
  4 kobolds
  5 rats (D:1)
31 creatures vanquished.

Vanquished Creatures (others)
  135 foxfires
135 creatures vanquished.

Grand Total: 166 creatures vanquished

Notes
Turn   | Place    | Note
-------+----------+-------------------------------------------
     0 | D:1      | kae the Demigod Fire Elementalist began the quest for the
                  | Orb.
     0 | D:1      | Reached XP level 1. HP: 14/14 MP: 5/5
    34 | D:1      | Reached skill level 1 in Conjurations
   460 | D:1      | Reached XP level 2. HP: 20/20 MP: 5/7
   493 | D:1      | Reached skill level 3 in Fire Magic
   996 | D:2      | Learned a level 2 spell: Scorch
  1248 | D:2      | Reached XP level 3. HP: 26/26 MP: 5/8
  2042 | D:3      | Slain by an orc priest

Illustrated notes

Levels and vault maps discovered:
D:1:      minmay_arrival_semitransparent, layout_loops_ring,
          shapermc_ecumenical_altar_mp_vishouse
D:2:      layout_basic, basic_altar, serial_rivers,
          chequers_serial_rivers_small_b, chequers_serial_rivers_small_3,
          chequers_serial_rivers_micro_a, chequers_serial_rivers_micro_a,
          chequers_serial_rivers_room_b
D:3:      layout_loops_corners, hex_tiny, uniq_ijyb

Skill      XL: |  1  2  3 |
---------------+----------+-----
Conjurations   | 1 2 |  2.0
Fire Magic     | 3 |  3.3
Spellcasting   | 2 |  2.2
Dodging        | |  1.7
Stealth        | |  1.7

Action                   || total
-------------------------++-------
Melee: Whip              ||     5
 Cast: Foxfire           ||    84
       Scorch            ||     1
  Use: Scroll            ||     6
Armor: Robe              ||     3
Dodge: Dodged            ||    13

Table legend: (Time is in decaauts)
 A = Elapsed time spent in this place.
 B = Non-inter-level travel time spent in this place.
 C = Inter-level travel time spent in this place.
 D = Time resting spent in this place.
 E = Time spent auto-exploring this place.
 F = Levels seen in this place.
 G = Mean time per level.
                   A        B        C        D        E       F      G
               +--------+--------+--------+--------+--------+-----+--------+
         Total |   2052 |   2011 |     41 |     20 |   1725 |   3 |  684.0 |
       Dungeon |   2052 |   2011 |     41 |     20 |   1725 |   3 |  684.0 |
               +--------+--------+--------+--------+--------+-----+--------+

Top non-repeatable levels by time:
     D:1: 987 daAuts
     D:2: 960 daAuts
     D:3: 105 daAuts
